 Dungeon Crawl Stone Soup version 0.28-a0-1174-g766a6a42ef (webtiles) character file.

Game seed: 9775190213709362602

31968 Mamutox the Unseen (level 13, -5/59 HPs)
             Began as a Spriggan Brigand on Dec 16, 2021.
             Was an Initiate of Gozag.
             Killed from afar by a lindwurm (39 damage)
             ... with a blast of flame
             ... on level 4 of the Lair of Beasts.
             The game lasted 02:56:57 (25974 turns).

Mamutox the Unseen (Spriggan Brigand)              Turns: 25974, Time: 02:56:58

Health: -5/59      AC:  5    Str:  7    XL:     13   Next: 28%
Magic:  28/29      EV: 34    Int: 17    God:    Gozag
Gold:   2582       SH:  0    Dex: 29    Spells: 20/35 levels left

rFire   . . .      SeeInvis +   a - +2 dagger (chaos)
rCold   . . .      Faith    .   (shield restricted)
rNeg    . . .      Spirit   .   M - +2 robe {Archmagi}
rPois   .          Reflect  .   (helmet restricted)
rElec   .          Harm     .   c - +0 cloak
rCorr   .          Rampage  .   (gloves unavailable)
Will    ++...      Archmagi +   (boots unavailable)
Stlth   ++++++++..              m - amulet "Xoup" {RegenMP Dex+4}
HPRegen 0.99/turn               g - ring of wizardry
MPRegen 0.61/turn               e - +6 ring of dexterity

@: very quick
A: very small, no large weapons, unfitting armour, see invisible, speed 3,
clever 2, clumsy 1, regeneration 1
a: Renounce Religion, Potion Petition, Call Merchant, Bribe Branch


You were on level 4 of the Lair of Beasts.
You worshipped Gozag.
Gozag was most pleased with you.
You visited 4 branches of the dungeon, and saw 19 of its levels.
You also visited: Sewer and Bailey.

You collected 2669 gold pieces.
You paid 87 gold pieces to Gozag.

Inventory:

Hand Weapons
 a - a +2 dagger of chaos (weapon)
 L - a +4 short sword
 Y - a +2 dagger of draining
Missiles
 d - 17 poisoned darts (quivered)
 o - 107 sling bullets
 D - 4 boomerangs
 U - a throwing net
 W - 3 curare-tipped darts
 X - 2 atropa-tipped darts
Armour
 c - a +0 cloak (worn)
 y - +0 steam dragon scales
 M - a +2 robe of the Archmagi (worn)
Jewellery
 e - a +6 ring of dexterity (right hand)
 g - a ring of wizardry (left hand)
 m - the amulet "Xoup" (around neck) {RegenMP Dex+4}
   (You found it on level 11 of the Dungeon)

   [amulet of magic regeneration]

   It increases your rate of magic regeneration.
   Dex:       It affects your dexterity (+4).
 s - a +6 ring of intelligence
 x - a ring of positive energy
 S - a ring of protection from cold
 Z - a ring of fire
Wands
 p - a wand of digging (14)
 I - a wand of iceblast (21)
 J - a wand of flame (19)
 P - a wand of polymorph (5)
Scrolls
 f - a scroll of fog
 j - 5 scrolls of immolation {unknown}
 r - 6 scrolls of teleportation
 u - 5 scrolls of enchant weapon
 v - 4 scrolls of fear {unknown}
 w - a scroll of vulnerability {unknown}
 E - a scroll of magic mapping {unknown}
 F - a scroll of holy word
 G - a scroll of torment {unknown}
 O - 2 scrolls of silence {unknown}
 Q - a scroll of acquirement {unknown}
 R - a scroll of amnesia
Potions
 h - 8 potions of curing
 i - 3 potions of resistance
 k - 2 potions of flight
 n - 8 potions of haste
 t - 2 potions of might
 z - 5 potions of heal wounds
 A - 2 potions of magic
 B - a potion of invisibility
 C - a potion of mutation
 K - 2 potions of brilliance
Miscellaneous
 l - a box of beasts
 T - a phantom mirror


   Skills:
 - Level 2.5 Fighting
 - Level 10.1 Short Blades
 - Level 5.2 Throwing
 - Level 1.5 Armour
 + Level 13.2 Dodging
 + Level 18.6 Stealth
 - Level 11.5 Spellcasting
 - Level 1.8 Conjurations
 - Level 4.1 Hexes
 - Level 2.0 Summonings
 - Level 9.3 Evocations


You had 20 spell levels left.
You knew the following spells:

 Your Spells              Type           Power      Damage    Failure   Level
a - Slow                  Hex            100%       N/A       1%          1
b - Magic Dart            Conj           96%        1d7       1%          1
c - Call Imp              Summ           25%        N/A       1%          2
d - Conjure Flame         Conj/Fire      19%        6-21      6%          3
e - Mephitic Cloud        Conj/Pois/Air  17%        N/A       7%          3
f - Pain                  Necr           56%        1d6       3%          1
g - Animate Skeleton      Necr           28%        N/A       3%          1
h - Vampiric Draining     Necr           14%        2d7       9%          3

Your spell library contained the following spells:

 Spells                   Type           Power      Damage    Failure   Level
 Passwall                 Tmut/Erth      11%        N/A       4%          2
 Ignite Poison            Fire/Tmut/Pois 14%        N/A       9%          3
 Swiftness                Air            14%        N/A       9%          3
 Sticky Flame             Conj/Fire      19%        2d4       21%         4
 Animate Dead             Necr           7%         N/A       28%         4
 Fireball                 Conj/Fire      9%         3d6       45%         5
 Starburst                Conj/Fire      9%         6d5       95%         6
 Haunt                    Necr/Summ      9%         N/A       100%        7
 Ignition                 Fire           7%         3d4       100%        8
 Infestation              Necr           7%         N/A       100%        8


Dungeon Overview and Level Annotations

Branches:
Dungeon (13/15)            Temple (1/1) D:7            Lair (4/6) D:9
  Snake (0/4) Lair:3          Orc (1/2) D:12          Sewer (visited)
 Bailey (visited)
  Swamp: Lair:2-4    Shoals: Lair:2-4    Vaults: D:13-14

Altars:
Ashenzari
Cheibriados
Dithmenos
Elyvilon
Fedhas
Gozag
Hepliaklqana
Kikubaaqudgha
Makhleb
Nemelex Xobeh
Okawaru
Qazlal
Ru
Sif Muna
Trog
Uskayaw
Vehumet
Wu Jian
Xom
Yredelemnul
Zin
The Shining One

Shops:
D:12 *

Annotations:
Lair:3 Rupert


Innate Abilities, Weirdness & Mutations

You are very small and have problems with some larger weapons.
You are too small for most types of armour.
You have supernaturally acute eyesight. (SInv)
You cover ground extremely quickly. (Speed+++)
Your mind is very acute. (Int +4)
You are clumsy. (Dex -2)
Your natural rate of healing is unusually fast.


Message History

You throw a poisoned dart. The poisoned dart hits the lindwurm!
The lindwurm looks even sicker.
The lindwurm is lightly wounded.
Throw: 20 darts (poison)
Press: ? - help, Q - select action, (/) - cycle Shift-Dir - straight line, f/p - lindwurm
Aim: a lindwurm (lightly wounded, very poisoned, 80% to hit)
You throw a poisoned dart. The poisoned dart hits the lindwurm.
The lindwurm looks as sick as possible!
The lindwurm is lightly wounded.
Throw: 19 darts (poison)
Press: ? - help, Q - select action, (/) - cycle Shift-Dir - straight line, f/p - lindwurm
Aim: a lindwurm (moderately wounded, extremely poisoned, 80% to hit)
Okay, then.
The lindwurm breathes flames at you. The blast of flame misses you.
The lindwurm breathes flames at you. The blast of flame hits you!!
Ouch! That really hurt!
Throw: 19 darts (poison)
Press: ? - help, Q - select action, (/) - cycle Shift-Dir - straight line, f/p - lindwurm
Aim: a lindwurm (heavily wounded, very poisoned, 80% to hit)
You throw a poisoned dart. The poisoned dart hits the lindwurm.
The lindwurm is heavily wounded.
Unknown command.
Throw: 18 darts (poison)
Press: ? - help, Q - select action, (/) - cycle Shift-Dir - straight line, f/p - lindwurm
Aim: a lindwurm (severely wounded, very poisoned, 80% to hit)
You throw a poisoned dart. The poisoned dart hits the lindwurm!
The lindwurm looks as sick as possible!
The lindwurm is severely wounded.
Okay, then.
Casting: Call Imp (safe; 1% risk of failure)
Confirm with . or Enter, or press ? or * to list all spells.
You feel a surge of power!
A beastly little devil appears in a puff of frigid air.
The lindwurm breathes flames at you. The blast of flame hits you!!!
Ouch! That really hurt!
You die...
Your body crumbles into a pile of gold.

......... ###............#...
.##...##.### #..(............#..
#.....##.#.####..................
##...####...#.#..k........####...
#...##........###.......#.##.###.
....#...................#≈..≈..#.
..##...........5.......##≈≈≈≈≈.##
.##..>........P.........#≈≈≈≈≈.##
#..............P@......#..≈≈≈≈≈#.
.......................##.≈≈≈≈≈#.
............................≈5≈#[
.....(.....#.....P##P.....#≈#≈.#.
...........#.....###......##.#...
##(..........#..## ##............
..<...........## #.........#.#.
..#....##..... #############.
..###### ##### ##


You could see a lindwurm (extremely poisoned, catching breath, ally target) and
a friendly white imp (summoned).

Vanquished Creatures
  Kirke (D:12)
  Josephine (D:11)
  4 hydras
  Harold (D:10)
  A centaur warrior (D:13)
  6 two-headed ogres
  A death yak (Lair:2)
  Sonja (D:10)
  A skeletal warrior (D:13)
  Pikel (D:4)
  The ghost of kMk the Transmogrifier, a novice OpTm of Gozag (D:7)
  A harpy (Lair:1)
  A deep elf pyromancer (D:12)
  An ugly thing (D:13)
  A cyclops (D:12)
  A faun (shapeshifter) (D:11)
  A manticore (D:12)
  Maggie (D:6)
  2 rime drakes (Lair:4)
  5 cane toads
  3 komodo dragons
  2 trolls
  A polar bear (Lair:3)
  Prince Ribbit (D:6)
  A hornet (D:9)
  4 blink frogs (Lair:3)
  A blink frog (shapeshifter) (D:12)
  A vampire (D:12)
  5 wraiths
  19 yaks
  4 basilisks
  4 hogs
  2 wyverns
  3 steam dragons
  A naga (Lair:2)
  3 wargs (D:9)
  An acid dragon (D:10)
  7 water moccasins
  An ice beast (D:6)
  A black bear (Lair:3)
  A hornet zombie (D:7)
  9 orc warriors
  A sky beast (D:7)
  A necrophage (D:7)
  2 ogres
  4 wolves
  A centaur (D:8)
  A phantom (D:5)
  Blork the orc (D:6)
  10 bullfrogs
  A scorpion (D:5)
  A wyvern zombie (D:7)
  A water moccasin zombie (D:5)
  3 killer bees
  5 wights
  4 howler monkeys
  A crimson imp (D:6)
  A centaur skeleton (D:5)
  4 quasits (D:7)
  A human zombie (D:7)
  A centaur zombie (D:8)
  A jelly (D:8)
  5 hounds
  7 orc priests
  3 bullfrog skeletons
  5 iguanas
  6 orc wizards
  6 hell rats (Lair:4)
  2 killer bee zombies
  6 mummies (D:7)
  A howler monkey zombie (D:7)
  10 adders
  8 gnolls
  A white imp (D:6)
  An ufetubus (D:5)
  2 adder skeletons (D:4)
  A worm (D:4)
  2 dart slugs
  30 orcs
  6 ball pythons
  4 bats
  2 endoplasms
  6 giant cockroaches
  7 goblins
  2 hobgoblins
  2 jackals (Sewer)
  6 quokkas
  4 frilled lizards
  A jackal skeleton (D:4)
  7 kobolds
  6 rats
302 creatures vanquished.

Vanquished Creatures (collateral kills)
  2 hydras
  A komodo dragon (Lair:2)
  A blink frog (Lair:3)
  A yak (D:11)
  2 wights
  An iron imp (D:12)
  4 orcs
12 creatures vanquished.

Vanquished Creatures (others)
  17 fungi
  40 plants
  A withered plant (D:8)
58 creatures vanquished.

Grand Total: 372 creatures vanquished

Notes
Turn   | Place    | Note
-------+----------+-------------------------------------------
     0 | D:1      | Mamutox the Spriggan Brigand began the quest for the Orb.
     0 | D:1      | Reached XP level 1. HP: 10/10 MP: 2/2
    97 | D:1      | Reached skill level 6 in Stealth
   495 | D:1      | Reached XP level 2. HP: 9/14 MP: 3/3
   714 | D:1      | Found a faded altar of an unknown god.
   732 | D:1      | Got Plato's Papyrus of Bewitchment
   780 | D:2      | Found a hazy altar of Hepliaklqana.
  1674 | D:1      | Reached XP level 3. HP: 9/18 MP: 4/4
  1978 | D:2      | Reached skill level 7 in Stealth
  2095 | D:2      | Reached XP level 4. HP: 18/22 MP: 5/5
  2929 | D:3      | Learned a level 1 spell: Slow
  3425 | D:3      | Reached skill level 1 in Spellcasting
  3506 | D:2      | Reached skill level 8 in Stealth
  3506 | D:2      | Reached XP level 5. HP: 24/25 MP: 7/7
  3918 | D:3      | Found a sacrificial altar of Ru.
  4366 | D:4      | Learned a level 1 spell: Magic Dart
  4751 | D:4      | Noticed Pikel
  4842 | D:4      | Noticed a lemure
  4843 | D:4      | Noticed a lemure
  4844 | D:4      | Noticed a lemure
  4845 | D:4      | Noticed a lemure
  4993 | D:4      | Found a shimmering blue altar of Sif Muna.
  5025 | D:4      | Reached XP level 6. HP: 24/30 MP: 10/10
  5525 | D:5      | Entered Level 5 of the Dungeon
  5537 | D:5      | Reached skill level 5 in Dodging
  5546 | D:5      | Found a snail-covered altar of Cheibriados.
  5560 | D:5      | Found a radiant altar of Vehumet.
  6237 | D:5      | Reached XP level 7. HP: 33/33 MP: 11/11
  6258 | D:5      | Reached skill level 9 in Stealth
  6615 | D:5      | Reached skill level 10 in Stealth
  7240 | D:6      | Found a glowing drain.
  7437 | D:6      | Noticed Maggie
  7465 | D:6      | Killed Maggie
  7466 | D:6      | Reached skill level 5 in Throwing
  7466 | D:6      | Reached XP level 8. HP: 37/37 MP: 12/12
  7593 | Sewer    | Entered a sewer
  7826 | D:5      | Gained mutation: You are occasionally teleported next to
                  | monsters. [potion of mutation]
  7931 | D:5      | Lost mutation: You are occasionally teleported next to
                  | monsters. [potion of mutation]
  7931 | D:5      | Gained mutation: You have sharp toenails. [potion of
                  | mutation]
  7932 | D:5      | Lost mutation: You have sharp toenails. [potion of
                  | mutation]
  7932 | D:5      | Gained mutation: You do not regenerate when monsters are
                  | visible. [potion of mutation]
  7932 | D:5      | Gained mutation: Your mind is acute. (Int +2) [potion of
                  | mutation]
  7932 | D:5      | Gained mutation: Your magical capacity is low. (-10% MP)
                  | [potion of mutation]
  7932 | D:5      | Gained mutation: Your spells are a little harder to cast,
                  | but a little more powerful. [potion of mutation]
  7933 | D:5      | Lost mutation: Your spells are a little harder to cast, but
                  | a little more powerful. [potion of mutation]
  7933 | D:5      | Lost mutation: Your magical capacity is low. (-10% MP)
                  | [potion of mutation]
  7933 | D:5      | Gained mutation: You have a pair of small antennae on your
                  | head. [potion of mutation]
  7933 | D:5      | Gained mutation: You are strong-willed. (Will+) [potion of
                  | mutation]
  7933 | D:5      | Gained mutation: Your mind is very acute. (Int +4) [potion
                  | of mutation]
  8220 | D:4      | Found a shimmering blue altar of Sif Muna.
  8532 | D:4      | Killed Pikel
  9028 | D:6      | Noticed a two-headed ogre
  9224 | D:6      | Killed a two-headed ogre
  9225 | D:6      | Reached skill level 11 in Stealth
  9225 | D:6      | Reached XP level 9. HP: 41/41 MP: 13/17
  9405 | D:6      | Reached skill level 12 in Stealth
  9418 | D:6      | Found a hide-covered altar of Uskayaw.
  9910 | D:6      | Noticed Blork the orc
 10110 | D:6      | Killed Blork the orc
 10192 | D:6      | Noticed Prince Ribbit
 10200 | D:6      | Killed Prince Ribbit
 10201 | D:6      | Reached skill level 13 in Stealth
 10234 | D:6      | Lost mutation: You are strong-willed. (Will+) [potion of
                  | mutation]
 10234 | D:6      | Lost mutation: You have a pair of small antennae on your
                  | head. [potion of mutation]
 10234 | D:6      | Gained mutation: You are clumsy. (Dex -2) [potion of
                  | mutation]
 10234 | D:6      | Lost mutation: You do not regenerate when monsters are
                  | visible. [potion of mutation]
 10234 | D:6      | Gained mutation: Your natural rate of healing is unusually
                  | fast. [potion of mutation]
 10366 | D:6      | Found a shimmering altar of Xom.
 10366 | D:6      | Found a burning altar of Makhleb.
 10595 | D:7      | Reached skill level 14 in Stealth
 10752 | D:7      | Reached skill level 15 in Stealth
 10822 | D:7      | Learned a level 2 spell: Call Imp
 10924 | D:7      | Found a transporter.
 10931 | D:7      | Found a staircase to the Ecumenical Temple.
 10941 | Temple   | Entered the Ecumenical Temple
 11028 | Temple   | Became a worshipper of Gozag Ym Sagoz the Greedy
 11139 | D:7      | Found a transporter.
 11143 | D:7      | Noticed kMk's ghost (novice OpTm)
 11148 | D:7      | Killed kMk's ghost
 11149 | D:7      | Reached XP level 10. HP: 44/46 MP: 17/20
 11946 | D:7      | Reached skill level 5 in Short Blades
 12052 | D:7      | Found a basalt altar of Yredelemnul.
 12605 | D:8      | Noticed a two-headed ogre
 12695 | D:8      | Killed a two-headed ogre
 12696 | D:8      | Reached skill level 10 in Dodging
 12810 | D:8      | Found an ancient bone altar of Kikubaaqudgha.
 13226 | D:8      | Found a glowing golden altar of the Shining One.
 13407 | D:9      | Found a staircase to the Lair.
 13437 | D:9      | Reached skill level 1 in Armour
 14155 | D:9      | Noticed a two-headed ogre
 14232 | D:9      | Killed a two-headed ogre
 14233 | D:9      | Reached skill level 1 in Conjurations
 14359 | D:9      | Found a bloodstained altar of Trog.
 14360 | D:9      | Found an iron altar of Okawaru.
 14670 | D:9      | Found a shadowy altar of Dithmenos.
 15113 | Lair:1   | Entered Level 1 of the Lair of Beasts
 15187 | Lair:1   | Reached skill level 16 in Stealth
 15427 | Lair:1   | Reached XP level 11. HP: 51/51 MP: 21/21
 15644 | Lair:1   | Noticed an eight-headed hydra
 16064 | Lair:2   | Found a sparkling altar of Nemelex Xobeh.
 16224 | Lair:1   | Noticed a harpy
 16224 | Lair:1   | a yak changed into a harpy
 16301 | Lair:1   | Killed a harpy
 16645 | D:10     | Entered Level 10 of the Dungeon
 16645 | D:10     | Noticed Harold
 16645 | D:10     | Noticed a two-headed ogre
 16647 | D:10     | Killed a two-headed ogre
 16649 | D:10     | Killed Harold
 16786 | D:10     | Noticed Sonja
 16822 | D:10     | Killed Sonja
 16938 | D:10     | Noticed a two-headed ogre
 17040 | D:10     | Killed a two-headed ogre
 17041 | D:10     | Reached skill level 5 in Evocations
 17570 | D:11     | Identified the amulet "Xoup" {RegenMP Dex+4}
 17899 | D:11     | Found a flagged portal.
 17908 | Bailey   | Entered a bailey
 18278 | D:11     | Noticed a two-headed ogre
 18355 | D:11     | Killed a two-headed ogre
 18356 | D:11     | Reached skill level 10 in Spellcasting
 18879 | D:11     | Noticed Josephine
 19042 | D:11     | Killed Josephine
 19864 | D:12     | Found Peadwaul's Changing Room.
 19884 | D:12     | Reached skill level 17 in Stealth
 19884 | D:12     | Reached XP level 12. HP: 56/56 MP: 27/27
 20117 | D:12     | Noticed a seven-headed hydra
 20175 | D:12     | Killed a seven-headed hydra
 20599 | D:12     | Found a snail-covered altar of Cheibriados.
 20700 | D:12     | Noticed Kirke
 21067 | D:12     | Killed Kirke
 21482 | D:12     | Found a staircase to the Orcish Mines.
 21732 | Orc:1    | Entered Level 1 of the Orcish Mines
 21745 | Orc:1    | Noticed a two-headed ogre
 21836 | D:13     | Noticed a centaur warrior
 21844 | D:13     | Killed a centaur warrior
 21845 | D:13     | Reached skill level 10 in Short Blades
 22201 | D:13     | Noticed a centaur warrior
 22256 | D:12     | Learned a level 3 spell: Conjure Flame
 22593 | Lair:1   | Killed an eight-headed hydra
 23111 | Lair:2   | Noticed a death yak
 23111 | Lair:2   | Noticed a death yak
 23111 | Lair:2   | Noticed a death yak
 23113 | Lair:2   | Noticed a death yak
 23178 | Lair:2   | Killed a death yak
 23374 | Lair:2   | Noticed a death yak
 23375 | Lair:2   | Noticed a death yak
 23475 | Lair:3   | Found a staircase to the Snake Pit.
 23546 | Lair:3   | Noticed an eight-headed hydra
 23614 | Lair:3   | Noticed Rupert
 24032 | Lair:3   | Noticed an eight-headed hydra
 24587 | Lair:2   | Reached XP level 13. HP: 59/59 MP: 27/29
 25219 | Lair:2   | Reached skill level 18 in Stealth
 25487 | Lair:4   | Learned a level 3 spell: Mephitic Cloud
 25559 | Lair:4   | Learned a level 1 spell: Pain
 25561 | Lair:4   | Learned a level 1 spell: Animate Skeleton
 25565 | Lair:4   | Learned a level 3 spell: Vampiric Draining
 25974 | Lair:4   | Killed from afar by a lindwurm

Illustrated notes

Levels and vault maps discovered:
D:1:      elethiomel_arrival_maze, layout_basic,
          shapermc_ecumenical_altar_rom_forum, minmay_misc_feat_chi
D:2:      layout_loops_ring, basic_altar
D:3:      layout_loops_cross, nicolae_ru_awakened_eye, st_stairs_8,
          ebering_dispersal_statue_hall
D:4:      layout_loops_ring, old_standard_altar, uniq_pikel
D:5:      layout_gridville, mainiacjoe_overflow_catch_the_wave
D:6:      layout_rooms, grunt_temple_overflow_champion_of_chaos,
          nicolae_uskayaw_murder_on_the_dancefloor, portal_sewer_entry_f,
          kennysheep_cross_room, chequers_serial_rivers_small_b, dk_vineyard_1,
          item_on_display_a, uniq_prince_ribbit1, uniq_maggie,
          uniq_blork_the_orc
D:7:      layout_loops_ring, lemuel_mausoleum_altar_yredelemnul,
          minmay_temple_entry_junction, gammafunk_ghost_stat_death
D:8:      layout_basic, kiku_gazebo_garden_becter, tso_altar
D:9:      minmay_klotski, layout_rooms, grunt_temple_overflow_bloody_war,
          amcnicky_altar_gilded, erik_lair_orcish_takeover, serial_glass,
          glass_columns_a, glass_columns_b
D:10:     layout_long_grid, uniq_harold, uniq_sonja
D:11:     layout_loops_corners, serial_glass, glass_columns_a, glass_columns_a,
          enter_bailey_6, uniq_josephine
D:12:     layout_roguey, david_orc_4, nicolae_transmutations_shop, slow_altar_2,
          uniq_kirke
D:13:     layout_basic, skrybe_vaults_entry_preservation, serial_shops,
          nicolae_shop_bloodbath_and_beyond
Temple:   compressed_dpeg_triangle_lava_temple
Lair:1:   layout_cave_pods, grunt_megastairs_4, infiniplex_staircase_pool
Lair:2:   layout_layer_cave, basic_altar, minivault_11
Lair:3:   layout_small_grid, guppyfry_snake_entry_island,
          nicolae_volcano_entry_batcave, special_room [special_room_bee],
          uniq_rupert
Lair:4:   layout_misc_corridors, minmay_shoals_entry_centaurs,
          nicolae_lair_lil_pond, nicolae_lair_lindhole, grunt_megastairs_5
Orc:1:    layout_caves, minmay_orc_temple_c

Skill      XL: |  1  2  3  4  5  6  7  8  9 10 11 12 13 |
---------------+----------------------------------------+-----
Stealth        | 6 7 8 10 11 15 16 17 18 | 18.6
Throwing       | 3 5 |  5.2
Spellcasting   | 1 2 4 6 10 11 | 11.5
Dodging        | 4 6 8 10 11 12 13 | 13.2
Short Blades   | 4 6 10 | 10.1
Hexes          | 4 |  4.1
Fighting       | 2 |  2.5
Armour         | 1 |  1.5
Conjurations   | 1 |  1.8
Summonings     | 2 |  2.0
Evocations     | 6 9 |  9.3

Action                   |  1- 3 |  4- 6 |  7- 9 | 10-12 | 13-15 || total
-------------------------+-------+-------+-------+-------+-------++-------
Melee: Dagger            |    61 |   148 |   208 |   751 |   118 ||  1286
 Fire: Hunting sling     |       |    96 |    30 |    94 |     4 ||   224
Throw: Dart              |    31 |    30 |    61 |   365 |    14 ||   501
       Stone             |    29 |     2 |     2 |       |       ||    33
       Boomerang         |       |       |       |     4 |       ||     4
       Throwing net      |       |       |       |     1 |       ||     1
 Cast: Slow              |       |     4 |     1 |    10 |    14 ||    29
       Magic Dart        |       |       |     8 |       |     3 ||    11
       Call Imp          |       |       |     2 |    87 |     9 ||    98
       Conjure Flame     |       |       |       |    31 |     1 ||    32
Evoke: Box of beasts     |       |       |       |     1 |       ||     1
       Wand              |       |       |       |     4 |     9 ||    13
       Phantom mirror    |       |       |       |     1 |       ||     1
  Use: Scroll            |       |       |     7 |    10 |     5 ||    22
       Potion            |       |       |     5 |     1 |       ||     6
 Stab: Sleeping          |     9 |    20 |    17 |    45 |     9 ||   100
       Distracted        |       |       |     1 |    13 |     9 ||    23
       Confused          |       |       |       |    11 |     1 ||    12
       Paralysed         |       |       |       |     1 |       ||     1
Armor: Robe              |     4 |    12 |     2 |    19 |     3 ||    40
       Steam dragon scal |       |       |     9 |    32 |       ||    41
Dodge: Dodged            |    40 |   104 |   184 |   902 |   101 ||  1331

Table legend: (Time is in decaauts)
 A = Elapsed time spent in this place.
 B = Non-inter-level travel time spent in this place.
 C = Inter-level travel time spent in this place.
 D = Time resting spent in this place.
 E = Time spent auto-exploring this place.
 F = Levels seen in this place.
 G = Mean time per level.
                   A        B        C        D        E       F      G
               +--------+--------+--------+--------+--------+-----+--------+
         Total |  17716 |  17294 |    422 |   2660 |   4703 |  21 |  843.6 |
       Dungeon |  14175 |  13860 |    315 |   2529 |   4050 |  13 | 1090.4 |
        Temple |     60 |     60 |      0 |      0 |      0 |   1 |   60.0 |
          Lair |   3217 |   3111 |    106 |    100 |    653 |   4 |  804.2 |
  Orcish Mines |     31 |     31 |      0 |      0 |      0 |   1 |   31.0 |
         Sewer |    161 |    161 |      0 |     30 |      0 |   1 |  161.0 |
        Bailey |     69 |     69 |      0 |      0 |      0 |   1 |   69.0 |
               +--------+--------+--------+--------+--------+-----+--------+

Top non-repeatable levels by time:
    D:11: 1668 daAuts
     D:5: 1636 daAuts
     D:4: 1632 daAuts
    D:12: 1266 daAuts
     D:7: 1182 daAuts
     D:6: 1138 daAuts
     D:8: 1064 daAuts
     D:1: 1063 daAuts
     D:2: 981 daAuts
     D:3: 976 daAuts
  Lair:1: 974 daAuts
  Lair:3: 961 daAuts
  Lair:2: 950 daAuts
     D:9: 794 daAuts
    D:10: 521 daAuts
